 Dungeon Crawl Stone Soup version 0.22-a0-305-gd21a89c (webtiles) character file.

22 Amnesiac the Ducker (level 2, -4/16 HPs)
             Began as a Spriggan Fighter on Mar 29, 2018.
             Slain by a bullfrog zombie (5 damage)
             ... on level 5 of the Dungeon.
             The game lasted 00:04:12 (1430 turns).

Amnesiac the Ducker (Spriggan Fighter)              Turns: 1430, Time: 00:04:12

Health: -4/16      AC:  2    Str: 12    XL:     2   Next: 68%
Magic:  3/3        EV: 19    Int:  9    God:
Gold:   83         SH:  6    Dex: 15    Spells: 1/1 levels left

rFire    . . .     SeeInvis +   k - +0 dagger (speed)
rCold    . . .     Gourm    .   c - +0 buckler
rNeg     . . .     Faith    .   b - +0 robe
rPois    .         Spirit   .   (helmet restricted)
rElec    .         Reflect  .   (no cloak)
rCorr    .         Harm     .   (gloves unavailable)
MR       .....                  (boots unavailable)
Stlth    ++........             (no amulet)
HPRegen  0.05/turn              (no ring)
MPRegen  0.08/turn              (no ring)

@: very quick
A: very small, unfitting armour, see invisible, herbivore, speed 3, slow
metabolism 2
a: no special abilities


You were on level 5 of the Dungeon.
You were not hungry.

You visited 1 branch of the dungeon, and saw 5 of its levels.

You collected 83 gold pieces.

Inventory:

Hand Weapons
 a - a +0 rapier
 k - a +0 dagger of speed (weapon)
Missiles
 e - 26 stones (quivered)
Armour
 b - a +0 robe (worn)
 c - a +0 buckler (worn)
Scrolls
 h - a scroll of remove curse {!r, unknown}
 i - 2 scrolls of random uselessness {!r, unknown}
 j - a scroll of fear {!r}
 l - a scroll of blinking {!r, unknown}
 m - 3 scrolls of identify {!r, unknown}
 o - a scroll of amnesia {!r, unknown}
 q - a scroll of noise {!r, unknown}
Potions
 d - a potion of might {!q}
 g - a potion of mutation {!q, unknown}
 n - a potion of brilliance {!q, unknown}
 p - 2 potions of curing {!q, unknown}
Comestibles
 f - 2 rations


   Skills:
 - Level 2.4 Fighting
 * Level 2.9 Short Blades
 - Level 4.4 Dodging
 + Level 2.9 Stealth
 - Level 2.1 Shields


You had one spell level left.
You didn't know any spells.

Dungeon Overview and Level Annotations

Branches:
Dungeon (5/15)
 Temple: D:4-7

Altars:


Innate Abilities, Weirdness & Mutations

You are very small and have problems with some larger weapons.
You are too small for most types of armour.
You have supernaturally acute eyesight. (SInv)
You are a herbivore.
You cover ground extremely quickly.
You need to consume almost no food.


Message History

You hit the bullfrog zombie.
The bullfrog zombie is moderately damaged.
You block the bullfrog zombie's attack.
You hit the bullfrog zombie.
The bullfrog zombie is heavily damaged.
You hit the bullfrog zombie.
The bullfrog zombie is heavily damaged.
The bullfrog zombie barely misses you.
You barely miss the bullfrog zombie.
The bullfrog zombie is heavily damaged.
The bullfrog zombie hits you.
You barely miss the bullfrog zombie.
The bullfrog zombie is heavily damaged.
The bullfrog zombie completely misses you.
You hit the bullfrog zombie but do no damage.
The bullfrog zombie is heavily damaged.
The bullfrog zombie closely misses you.
You barely miss the bullfrog zombie.
The bullfrog zombie is heavily damaged.
You closely miss the bullfrog zombie.
The bullfrog zombie is heavily damaged.
The bullfrog zombie barely misses you.
You hit the bullfrog zombie.
The bullfrog zombie is heavily damaged.
The bullfrog zombie hits you.
You hit the bullfrog zombie but do no damage.
The bullfrog zombie is heavily damaged.
The bullfrog zombie hits you but does no damage.
You closely miss the bullfrog zombie.
The bullfrog zombie is heavily damaged.
You hit the bullfrog zombie.
The bullfrog zombie is heavily damaged.
The bullfrog zombie barely misses you.
You hit the bullfrog zombie.
The bullfrog zombie is severely damaged.
The bullfrog zombie closely misses you.
You hit the bullfrog zombie.
The bullfrog zombie is severely damaged.
The bullfrog zombie barely misses you.
You hit the bullfrog zombie.
The bullfrog zombie is severely damaged.
You barely miss the bullfrog zombie.
The bullfrog zombie is severely damaged.
The bullfrog zombie hits you.
* * * LOW HITPOINT WARNING * * *
You hit the bullfrog zombie.
The bullfrog zombie is almost destroyed.
The bullfrog zombie closely misses you.
You barely miss the bullfrog zombie.
The bullfrog zombie is almost destroyed.
The bullfrog zombie barely misses you.
You hit the bullfrog zombie but do no damage.
The bullfrog zombie is almost destroyed.
You hit the bullfrog zombie but do no damage.
The bullfrog zombie is almost destroyed.
The bullfrog zombie completely misses you.
You hit the bullfrog zombie.
The bullfrog zombie is almost destroyed.
The bullfrog zombie hits you.
* * * LOW HITPOINT WARNING * * *
You hit the bullfrog zombie but do no damage.
The bullfrog zombie is almost destroyed.
The bullfrog zombie hits you.
You die...

#....Z..#
#.# #.#
#.# #.#
#.# #.#
#Z# #@#
###


You could see a bullfrog zombie.

Vanquished Creatures
  2 worms
  2 dart slugs
  3 bats
  A quokka (D:4)
  2 frilled lizards (D:3)
  A goblin (D:2)
  2 kobolds
  2 rats
15 creatures vanquished.

Notes
Turn   | Place    | Note
-------+----------+-------------------------------------------
     0 | D:1      | Amnesiac the Spriggan Fighter began the quest for the Orb.
     0 | D:1      | Reached XP level 1. HP: 11/11 MP: 2/2
   172 | D:2      | Reached skill level 1 in Stealth
   307 | D:2      | Reached XP level 2. HP: 11/16 MP: 3/3
   565 | D:4      | Noticed a scorpion
   820 | D:4      | Noticed an ogre
  1230 | D:5      | Entered Level 5 of the Dungeon
  1430 | D:5      | Slain by a bullfrog zombie

Vault maps used:
D:1:      dpeg_arrival_rhombus
D:3:      nicolae_ru_sacrificial_ziggurat, kennysheep_crisscross,
          grunt_decor_mini_mirrors, kennysheep_generic_room_13
D:4:      first_ration, grunt_ministairs_5, minmay_misc_feat_x

Skill      XL: |  1 |
---------------+----+-----
Stealth        | 2 |  2.9
Fighting       | |  2.4
Short Blades   | |  2.9
Dodging        | |  4.4
Shields        | |  2.1

Action                   || total
-------------------------++-------
Melee: Rapier            ||    65
       Dagger            ||    37
  Use: Scroll            ||     1
 Stab: Sleeping          ||     3
       Distracted        ||     1
Armor: Robe              ||     2
Dodge: Dodged            ||    62
Block: Buckler           ||    22

Table legend:
 A = Spawn XP
 B = Non-spawn XP
 C = Spawn XP percentage of total XP
 D = Spawn monster count
 E = Non-spawn monster count
 F = Spawn count percentage of total count
 G = Total turns spent on level
                    A         B        C        D         E        F      G
               +---------+---------+-------+---------+---------+-------+---------
         Total |       0 |      32 |   0.0 |       0 |      15 |   0.0 |  1430
               +---------+---------+-------+---------+---------+-------+---------
           D:1 |       0 |       2 |   0.0 |       0 |       2 |   0.0 |   156
           D:2 |       0 |      11 |   0.0 |       0 |       6 |   0.0 |   247
           D:3 |       0 |      13 |   0.0 |       0 |       5 |   0.0 |   470
           D:4 |       0 |       6 |   0.0 |       0 |       2 |   0.0 |   357
               +---------+---------+-------+---------+---------+-------+---------
